 Dungeon Crawl Stone Soup version 0.30-a0-347-gf58ed5266c (webtiles) character file.

Game seed: 8578545270415190429

23 porpoise the Poker (level 2, 0/23 HPs)
             Began as a Demonspawn Gladiator on Nov 7, 2022.
             Slain by Sigmund
             ... wielding a +0 scythe
              (9 damage)
             ... on level 2 of the Dungeon.
             The game lasted 00:03:35 (806 turns).

porpoise the Poker (Demonspawn Gladiator)            Turns: 806, Time: 00:03:35

Health: 0/23       AC:  6    Str: 14    XL:     2   Next: 75%
Magic:  2/2        EV: 12    Int:  9    God:
Gold:   88         SH:  0    Dex: 14    Spells: 1/1 levels left

rFire   . . .      SeeInvis .    a - +0 trident
rCold   . . .      Faith    .    (no shield)
rNeg    . . .      Spirit   .    m - +0 ring mail
rPois   .          Reflect  .    c - +0 helmet
rElec   .          Harm     .    (no cloak)
rCorr   .          Rampage  .    (no gloves)
Will    .....                    (no boots)
Stlth   +.........               (no amulet)
HPRegen 0.23/turn                (no ring)
MPRegen 0.08/turn                (no ring)

@: no status effects
A: sturdy frame 1
a: no special abilities


You were on level 2 of the Dungeon.
You visited 1 branch of the dungeon, and saw 2 of its levels.

You collected 88 gold pieces.

Inventory:

Hand Weapons
 a - a +0 trident (weapon)
Missiles
 e - a javelin (quivered)
 n - 4 boomerangs
Armour
 c - a +0 helmet (worn)
 m - a +0 ring mail (worn)
Scrolls
 f - 2 scrolls of blinking {unknown}
 h - 2 scrolls of identify {unknown}
 i - 3 scrolls of vulnerability {unknown}
 j - a scroll of magic mapping {unknown}
 k - 2 scrolls of teleportation {unknown}
 l - a scroll of butterflies {unknown}
Potions
 b - a potion of lignification {unknown}
 g - a potion of haste {unknown}


   Skills:
 + Level 2.4 Fighting
 * Level 3.4 Polearms
 - Level 1.7 Throwing
 - Level 2.6 Dodging


You had one spell level left.
You didn't know any spells.
Your spell library was empty.

Dungeon Overview and Level Annotations

Branches:
Dungeon (2/15)

Altars:

Shops:
D:2 ==

Annotations:
D:2 Sigmund


Innate Abilities, Weirdness & Mutations

Your movements are slightly less encumbered by armour. (ER -2)


Message History

A giant cockroach comes into view.
Sigmund mumbles some strange words.
Sigmund flickers and vanishes!
Deactivating autopickup; reactivate with Ctrl-A.
The giant cockroach moves out of view.
You bump into the rock wall.
You feel less confused.
Throw: 3 throwing nets
Press: ? - help, Q - select action, (/) - cycle Shift-Dir - straight line, f - giant cockroach
Aim: a giant cockroach (59% to hit)
You throw a throwing net.
The throwing net hits the giant cockroach.
The giant cockroach is caught in the net!
The giant cockroach struggles against the net.
Something hits you.
Throw: 2 throwing nets
Press: ? - help, Q - select action, (/) - cycle Shift-Dir - straight line, f/p - giant cockroach
Aim: a giant cockroach (entangled in a net, 86% to hit)
You throw a throwing net.
The throwing net hits the giant cockroach.
The giant cockroach struggles against the net.
Throw: throwing net
Press: ? - help, Q - select action, (/) - cycle Shift-Dir - straight line, f/p - giant cockroach
Aim: a giant cockroach (entangled in a net, 86% to hit)
You throw a throwing net.
The throwing net hits the giant cockroach.
The giant cockroach struggles against the net.
Something hits you but does no damage.
The giant cockroach struggles against the net.
Something hits you.
The giant cockroach struggles against the net.
The net rips apart, and the giant cockroach comes free!
You closely miss something. You closely miss something.
You hear some strange, mumbled words.
A magic dart appears from out of thin air!
The magic dart hits you.
You miss something. Something hits you.
You closely miss something. Something hits you!
You die...

##.###.####.## #.#
#.##..... . #.#
#.##.#.## .. #.#
#.##.#.# #. #.#
#......# #..
#.######.### ..
#..#.†...#
#.#######......###
#...@{B..#.∩.#.#
#..####(.......#
#.. #.######## #..
#.# ##. #.# #. ..#
.. .... .. #..#.
#.. .#


You could see a giant cockroach.

Vanquished Creatures
  2 ball pythons (D:1)
  4 bats
  6 goblins
  3 hobgoblins (D:1)
  A kobold (D:1)
  A frilled lizard (D:1)
  2 rats (D:2)
19 creatures vanquished.

Notes
Turn   | Place    | Note
-------+----------+-------------------------------------------
     0 | D:1      | porpoise the Demonspawn Gladiator began the quest for the
                  | Orb.
     0 | D:1      | Reached XP level 1. HP: 16/16 MP: 1/1
   154 | D:1      | Reached skill level 3 in Polearms
   199 | D:1      | Gained mutation: Your movements are slightly less
                  | encumbered by armour. (ER -2) [demonic ancestry]
   199 | D:1      | Reached XP level 2. HP: 22/22 MP: 2/2
   683 | D:2      | Found Ticoir's Jewellery Shop.
   769 | D:2      | Found Reac's Jewellery Shop.
   787 | D:2      | Noticed Sigmund
   806 | D:2      | Slain by Sigmund

Illustrated notes

Levels and vault maps discovered:
D:1:      onia_arrival_mini_spirals, layout_loops_cross
D:2:      layout_loops_cross, basic_altar, serial_shops, nicolae_diamond_shop,
          nicolae_diamond_shop, nicolae_shop_stone, shop, shop, uniq_sigmund

Skill      XL: |  1 |
---------------+----+-----
Polearms       | 3 |  3.4
Fighting       | |  2.4
Throwing       | |  1.7
Dodging        | |  2.6

Action                   || total
-------------------------++-------
Melee: Trident           ||    68
Throw: Throwing net      ||     3
Armor: Leather armour    ||    18
       Ring mail         ||     1
Dodge: Dodged            ||    31

Table legend: (Time is in decaauts)
 A = Elapsed time spent in this place.
 B = Non-inter-level travel time spent in this place.
 C = Inter-level travel time spent in this place.
 D = Time resting spent in this place.
 E = Time spent auto-exploring this place.
 F = Levels seen in this place.
 G = Mean time per level.
                   A        B        C        D        E       F      G
               +--------+--------+--------+--------+--------+-----+--------+
         Total |    815 |    786 |     29 |     15 |    559 |   2 |  407.5 |
       Dungeon |    815 |    786 |     29 |     15 |    559 |   2 |  407.5 |
               +--------+--------+--------+--------+--------+-----+--------+

Top non-repeatable levels by time:
     D:1: 662 daAuts
     D:2: 153 daAuts
